 Dungeon Crawl Stone Soup version 0.27-a0-795-ge5c3fa52fd (webtiles) character file.

Game seed: 8807277258548412454

407 mastekator the Shield-Bearer (level 6, -1/40 HPs)
             Began as a Gargoyle Fighter on Mar 27, 2021.
             Slain by Pikel
             ... wielding a +2 whip of flaming
              (3 damage)
             ... on level 4 of the Dungeon.
             The game lasted 00:07:13 (4203 turns).

mastekator the Shield-Bearer (Gargoyle Fighter)     Turns: 4203, Time: 00:07:14

Health: -1/40      AC: 17    Str: 22    XL:     6   Next: 88%
Magic:  6/6        EV:  7    Int: 14    God:
Gold:   131        SH: 10    Dex:  9    Spells: 5/5 levels left

rFire    + . .     SeeInvis .   p - +0 falchion
rCold    + . .     Faith    .   c - +0 kite shield
rNeg     + . .     Spirit   .   g - +3 scale mail
rPois    ∞         Reflect  .   s - +0 helmet
rElec    +         Harm     .   l - scarf {rC+ rF+}
rCorr    .         Rampage  .   (no gloves)
Will     .....                  h - +0 pair of boots
Stlth    ..........             (no amulet)
HPRegen  0.13/turn              i - +6 ring of intelligence
MPRegen  0.10/turn              (no ring)

@: no status effects
A: AC +4, negative energy resistance 1, electricity resistance, torment
resistance 1, unbreathing 1, petrification resistance
a: no special abilities


You were on level 4 of the Dungeon.
You visited 1 branch of the dungeon, and saw 4 of its levels.

You collected 131 gold pieces.

Inventory:

Hand Weapons
 a - a +0 long sword
 p - a +0 falchion (weapon)
Armour
 c - a +0 kite shield (worn)
 g - a +3 scale mail (worn)
 h - a +0 pair of boots (worn)
 l - a scarf of resistance (worn)
 s - a +0 helmet (worn)
Jewellery
 i - a +6 ring of intelligence (left hand)
Wands
 m - a wand of polymorph (9) (quivered)
 n - a wand of flame (18)
Scrolls
 b - a scroll of enchant weapon {unknown}
 e - a scroll of teleportation {unknown}
 j - 2 scrolls of identify {unknown}
 k - a scroll of magic mapping {unknown}
 q - a scroll of fear {unknown}
 r - a scroll of noise {unknown}
Potions
 d - a potion of might
 f - a potion of heal wounds {unknown}
 o - a potion of magic {unknown}


   Skills:
 * Level 5.4 Fighting
 + Level 3.0 Long Blades
 + Level 4.4 Armour
 * Level 5.4 Shields


You had 5 spell levels left.
You didn't know any spells.
Your spell library contained the following spells:

 Spells                   Type           Power      Damage    Failure   Level
 Animate Skeleton         Necr           0%         N/A       94%         1
 Pain                     Necr           0%         1d4       94%         1
 Vampiric Draining        Necr           0%         2d6       100%        3
 Animate Dead             Necr           0%         N/A       100%        4
 Agony                    Necr           0%         N/A       100%        5


Dungeon Overview and Level Annotations

Branches:
Dungeon (4/15)
 Temple: D:4-7

Altars:

Shops:
D:1 ?[*:[

Annotations:
D:4 Pikel


Innate Abilities, Weirdness & Mutations

Your stone body is resilient. (AC +4)
You are immune to poison.
You resist negative energy. (rN+)
You are resistant to electric shocks. (rElec)
You are resistant to unholy torment.
You can survive without breathing.
You are immune to petrification.


Message History

Pikel barely misses you. The lemure barely misses you.
You riposte.
Your scale mail prevents you from hitting the lemure.
The kobold barely misses you.
You riposte.
You hit the kobold.
You kill the kobold!
The lemure hits you but does no damage.
You slash Pikel!
Pikel is heavily wounded.
The lemure hits you but does no damage. Pikel hits you but does no damage.
The lemure hits you but does no damage. The lemure barely misses you.
Pikel hits you but does no damage. You block the lemure's attack.
The lemure completely misses you. You block the lemure's attack.
You hit Pikel.
Pikel is severely wounded.
The lemure hits you but does no damage. The lemure hits you.
* * * LOW HITPOINT WARNING * * *
You block Pikel's attack. The lemure hits you.
* * * LOW HITPOINT WARNING * * *
The lemure completely misses you.
Your shield prevents you from hitting Pikel.
Pikel is severely wounded.
You block the lemure's attack. The lemure barely misses you.
Pikel hits you with a +2 whip of flaming.
* * * LOW HITPOINT WARNING * * *
The lemure hits you but does no damage. The lemure closely misses you.
You riposte.
You hit the lemure.
The lemure is lightly wounded.
The lemure hits you but does no damage.
You closely miss Pikel.
Pikel is severely wounded.
The lemure hits you but does no damage. Pikel barely misses you.
You block the lemure's attack. The lemure hits you but does no damage.
The lemure completely misses you. The lemure hits you but does no damage.
You block Pikel's attack. The lemure barely misses you.
The lemure hits you but does no damage.
You closely miss Pikel.
Pikel is severely wounded.
The lemure hits you but does no damage. The lemure hits you.
* * * LOW HITPOINT WARNING * * *
Pikel hits you with a +2 whip of flaming.
You die...

........###.###.#
.##.##.........##
.#..##........##
....#.........#
.......##...######
......##......#..##
.............#....#
......)......#...##
....##.##......5@5#
........#......5K5#
..........#.........
......#.####...#......
#. ##..##.##.... #...
.# .... .#. .. #.# ..
.. ..


You could see Pikel and 4 lemures.

Vanquished Creatures
  A necrophage (D:4)
  An ogre (D:2)
  Jessica (D:2)
  Natasha (thrice) (D:2)
  4 adders (D:3)
  3 gnolls (D:2)
  3 worms (D:2)
  A dart slug (D:3)
  4 orcs (D:3)
  5 ball pythons
  5 endoplasms
  5 giant cockroaches
  6 goblins
  10 hobgoblins
  2 quokkas
  6 bats
  A frilled lizard (D:3)
  4 kobolds
  2 rats
67 creatures vanquished.

Notes
Turn   | Place    | Note
-------+----------+-------------------------------------------
     0 | D:1      | mastekator the Gargoyle Fighter began the quest for the
                  | Orb.
     0 | D:1      | Reached XP level 1. HP: 14/14 MP: 1/1
   105 | D:1      | Reached XP level 2. HP: 19/19 MP: 2/2
   435 | D:1      | Found Biplepsy's Antique Armour Shop.
   456 | D:1      | Found Rysyhytz's Assorted Antiques.
   467 | D:1      | Found Urukuf's Book Shop.
   543 | D:1      | Found Jeukal's Antique Armour Emporium.
   817 | D:1      | Found Oxtualaado's Magic Scroll Shoppe.
  1001 | D:2      | Reached XP level 3. HP: 21/24 MP: 3/3
  1319 | D:2      | Noticed Jessica
  1320 | D:2      | Noticed Natasha
  1360 | D:2      | Killed Natasha
  1361 | D:2      | Killed Jessica
  1362 | D:2      | Reached XP level 4. HP: 29/29 MP: 4/4
  1630 | D:2      | Noticed Natasha
  1641 | D:2      | Killed Natasha
  1858 | D:2      | Reached XP level 5. HP: 25/34 MP: 5/5
  2117 | D:2      | Noticed Natasha
  2133 | D:2      | Killed Natasha
  3029 | D:3      | Reached XP level 6. HP: 40/40 MP: 6/6
  3514 | D:2      | Reached skill level 5 in Fighting
  3514 | D:2      | Reached skill level 5 in Shields
  4080 | D:4      | Noticed a necrophage
  4089 | D:4      | Killed a necrophage
  4186 | D:4      | Noticed Pikel
  4203 | D:4      | HP: 2/40 [lemure[Pikel] (1)]
  4203 | D:4      | Slain by Pikel

Illustrated notes

Levels and vault maps discovered:
D:1:      wander_arrival_fairy_ring, layout_basic, serial_shops,
          nicolae_shop_trees, nicolae_shop_trees, shop, nicolae_shop_trees,
          nicolae_shop_overgrown_old_shop
D:2:      layout_basic, uniq_natasha, uniq_jessica
D:3:      layout_basic
D:4:      layout_cave_pools, minmay_temple_entry_poolview, uniq_pikel,
          uniq_robin

Skill      XL: |  1  2  3  4  5  6 |
---------------+-------------------+-----
Long Blades    | 2 3 |  3.0
Fighting       | 4 5 |  5.4
Shields        | 4 5 |  5.4
Armour         | 4 |  4.4

Action                   |  1- 3 |  4- 6 || total
-------------------------+-------+-------++-------
Melee: Long sword        |    74 |    86 ||   160
       Falchion          |       |   123 ||   123
Armor: Scale mail        |    46 |   156 ||   202
Dodge: Dodged            |    16 |    91 ||   107
Block: Kite shield       |    29 |   136 ||   165
       Rpst.: Long sword |     4 |    12 ||    16
       Falchion          |       |    24 ||    24

Table legend: (Time is in decaauts)
 A = Elapsed time spent in this place.
 B = Non-inter-level travel time spent in this place.
 C = Inter-level travel time spent in this place.
 D = Time resting spent in this place.
 E = Time spent auto-exploring this place.
 F = Levels seen in this place.
 G = Mean time per level.
                   A        B        C        D        E       F      G
               +--------+--------+--------+--------+--------+-----+--------+
         Total |   4344 |   4018 |    326 |    448 |   2806 |   4 | 1086.0 |
       Dungeon |   4344 |   4018 |    326 |    448 |   2806 |   4 | 1086.0 |
               +--------+--------+--------+--------+--------+-----+--------+

Top non-repeatable levels by time:
     D:2: 1711 daAuts
     D:1: 1453 daAuts
     D:3: 986 daAuts
     D:4: 192 daAuts
